Predators vs Senateurs

Created - 24 novembre 2023 at 15:56

Goals
1 2 3 T
Predators 3 2 0 5
Senateurs 2 0 1 3
Shots
1 2 3 T
Predators 19 5 5 29
Senateurs 11 10 12 33

GoalsPenalties
1st period
1. Senateurs , Jared McCann 5 (Steven Stamkos 17, Artem Zub 8) at 1:53
2. Predators , Aleksander Barkov 9 (Brandon Hagel 8) at 5:01
3. Senateurs , Jared McCann 6 (Steven Stamkos 18) at 10:40 (PP)
4. Predators , Sam Bennett 5 (Evander Kane 9, Aleksander Barkov 10) at 19:25
5. Predators , Anthony Duclair 3 (Brandon Hagel 9, Aleksander Barkov 11) at 19:33
Jake Muzzin (OTT) for Fighting (Major) at 7:12
Tanner Jeannot (NSH) for Fighting (Major) at 7:12
Tanner Jeannot (NSH) for instigated a fight (Minor) at 7:12
Tanner Jeannot (NSH) for instigated and being the aggresor in a fight (20 Minutes Game Misconduct) at 7:12
Nick Seeler (NSH) for Hooking (Minor) at 10:38
Adam Fox (NSH) for Hooking (Minor) at 12:08
Evander Kane (NSH) for Roughing (Minor) at 17:08
Artem Zub (OTT) for Tripping (Minor) at 19:36
2nd period
6. Predators , Anthony Duclair 4 (Aleksander Barkov 12, Jaccob Slavin 4) at 0:08 (PP)
7. Predators , Luke Glendening 3 (Sam Bennett 4, Nick Seeler 1) at 17:37
Nick Seeler (NSH) for Holding (Minor) at 12:27
3rd period
8. Senateurs , Dougie Hamilton 4 (Evan Bouchard 4, Steven Stamkos 19) at 8:28 (PP)
Vladislav Gavrikov (NSH) for Roughing (Minor) at 7:19
Aleksander Barkov (NSH) for Hooking (Minor) at 11:21
Egor Sokolov (NSH) for Holding (Minor) at 17:35
Goalie Stats
Connor Ingram (NSH), 30 saves from 33 shots - (0,909), W, 6-6-1, 60:00 minutes
Ilya Sorokin (OTT), 19 saves from 24 shots - (0,792), L, 9-2-1, 37:37 minutes
Cam Talbot (OTT), 5 saves from 5 shots - (1,000), 22:23 minutes
3 StarsOfficial
1 - Anthony Duclair (NSH)
2 - Aleksander Barkov (NSH)
3 - Sam Bennett (NSH)
Referees : Justin Kea and Dan O'Rourke
Linesman : Steven Walsh and Kory Nagy
Game Note
Tanner Jeannot beats up Jake Muzzin at 7:12 of 1st period
Tanner Jeannot (NSH) for instigated and being the aggresor in a fight (20 Minutes Game Misconduct) at 7:12
Tanner Jeannot ejected from game at 7:12 of 1st period
Cam Talbot enters game at 17:37 of 2nd period
Evander Kane is injured at 11:23 of 3rd period (Sprained Left Ankle)
Finance
Level 1 -- Attendance: 6000 (100,00%) -- Ticket Income $540,000
Level 2 -- Attendance: 4669 (93,38%) -- Ticket Income $256,795
Level 3 -- Attendance: 2000 (100,00%) -- Ticket Income $66,000
Level 4 -- Attendance: 3916 (97,90%) -- Ticket Income $70,488
Luxury Box -- Attendance: 933 (93,30%) -- Ticket Income $167,940
Game was played at the Place Banque Scottia.
Total Attendance: 17518 (97,32%)
Total Ticket Income: $1,101,223
Other Income: $539,599
Total Income: $1,640,822



Team Name Goals Shots Shots Attemp Shots Blocked PIM HIT PP PK FO%
Predators 529431741191 / 1 (100%)244%
Senateurs 3337337172 / 8 (25%)156%

Predators
Player Name POS G A P +/- PIM HIT SHT SB MP PP MP PP SHT PK MP PK SHT FO% FOT GA TA
Adam FoxD0002204123:310:2005:2610% 000
Aleksander BarkovC1341215016:370:2010:26047% 1520
Alex BelzileC/RW0000031012:540:0005:5900% 000
Andy AndreoffC/LW0000000115:250:0006:22067% 300
Anthony DuclairLW/RW2022004017:230:2010:44133% 300
Brandon HagelLW/RW0221002211:470:3200:0000% 100
Egor SokolovLW/RW0001210314:450:0000:0000% 020
Evander KaneLW/RW0111244013:090:1200:40050% 200
Jaccob SlavinD0112013124:070:2006:2600% 002
Luke GlendeningC/LW/RW1011011120:050:0005:59080% 502
Mattias SamuelssonD000-1010121:040:1206:5100% 001
Max JonesC/LW/RW000000208:430:0000:0000% 000
Nick SeelerD0112410015:540:0001:2000% 001
Radek FaksaC0001010120:100:0005:52023% 1310
Robert BortuzzoD0002030514:470:0000:0400% 002
Sam BennettC/LW/RW1121022013:330:1200:12046% 1301
Tanner JeannotLW/RW0000270102:170:0000:0000% 000
Vladislav GavrikovD000-1200120:400:1206:0300% 000
Senateurs
Player Name POS G A P +/- PIM HIT SHT SB MP PP MP PP SHT PK MP PK SHT FO% FOT GA TA
Alexander KerfootC/LW/RW0000001111:490:1900:3200% 100
Andre BurakovskyLW/RW0001010020:077:2800:00067% 310
Artem ZubD011-2221020:375:5200:0000% 001
Casey CizikasC/LW0000000010:450:0900:00033% 600
Colton SissonsC/RW000-1003014:390:0900:32067% 1200
Dougie HamiltonD101-1023124:227:5310:0000% 010
Eric RobinsonLW/RW000-3011010:050:0000:0000% 000
Evan BouchardD0110011022:197:3700:0000% 011
Jake MuzzinD000-2511017:574:3600:0000% 000
Jakub VoracekLW/RW000-1007018:315:2800:0000% 030
Jared McCannC/LW/RW2021015019:577:1820:0000% 000
Logan ShawC/RW000-300109:430:0000:00050% 801
Michael AndersonD000-1001118:570:1200:3200% 001
Nicholas PaulC/LW0000010015:315:2800:0000% 010
Nick HoldenD0000011015:460:0000:3200% 001
Philipp KurashevC/LW/RW000-301009:430:0000:0000% 000
Ryan HartmanC/LW/RW000-1022018:315:2800:0000% 020
Steven StamkosC/LW/RW0331035020:077:2810:00060% 2500

Predators

5 vs 5 Forward
Line #Left WingCenterRight WingPHYDFOFWanted %Time %Time Play
1Brandon HagelAleksander BarkovAnthony Duclair0143223%10:49
2Evander KaneSam BennettTanner Jeannot0143133%15:14
3Egor SokolovRadek FaksaLuke Glendening0232529%13:26
4Alex BelzileAndy AndreoffMax Jones0321215%6:54
5 vs 5 Defense
Line #DefenseDefensePHYDFOFWanted %Time %Time Play
1Jaccob SlavinAdam Fox0143637%17:14
2Vladislav GavrikovMattias Samuelsson0143331%14:33
3Nick SeelerRobert Bortuzzo0323131%14:36
4Jaccob SlavinAdam Fox04100%0:00
Power Play Forward
Line #Left WingCenterRight WingPHYDFOFWanted %Time %Time Play
1Brandon HagelAleksander BarkovAnthony Duclair0055063%0:20
2Evander KaneSam BennettTanner Jeannot0055038%0:12
Power Play Defense
Line #DefenseDefensePHYDFOFWanted %Time %Time Play
1Jaccob SlavinAdam Fox0145063%0:20
2Vladislav GavrikovMattias Samuelsson0145038%0:12
Penalty Kill 4 Players Forward
Line #CenterWingPHYDFOFWanted %Time %Time Play
1Luke GlendeningAlex Belzile0415049%6:25
2Radek FaksaAndy Andreoff0415051%6:40
Penalty Kill 4 Players Defense
Line #DefenseDefensePHYDFOFWanted %Time %Time Play
1Jaccob SlavinMattias Samuelsson0415049%6:22
2Vladislav GavrikovAdam Fox0415051%6:43
Penalty Kill 3 Players
Line #WingPHYDFOFWanted %Time %Time PlayDefenseDefensePHYDFOFWanted %Time %Time Play
1Radek Faksa050500%0:00 Jaccob SlavinMattias Samuelsson050500%0:00
2Luke Glendening050500%0:00 Vladislav GavrikovAdam Fox050500%0:00
4 vs 4 Forward
Line #CenterWingPHYDFOFWanted %Time %Time Play
1Andy AndreoffAlex Belzile023500%0:00
2Radek FaksaEgor Sokolov023500%0:00
4 vs 4 Defense
Line #DefensePHYDFOFWanted %Time %Time Play
1Nick SeelerRobert Bortuzzo032600%0:00
2Vladislav GavrikovMattias Samuelsson032400%0:00
Last Minutes Offensive
Left WingCenterRight WingDefenseDefense
Brandon HagelAleksander BarkovAnthony DuclairVladislav GavrikovAdam Fox
Last Minutes Defensive
Left WingCenterRight WingDefenseDefense
Brandon HagelAleksander BarkovAnthony DuclairVladislav GavrikovAdam Fox
Time
Total ForwardTotal DefenseLast Minutes OffensiveLast Minutes Defensive
60:00 60:00 0:000:00
Extra Forwards
Normal PowerPlayPenalty Kill
Anthony Duclair, Aleksander Barkov, Evander KaneEvander Kane, Brandon HagelEvander Kane
Extra Defensemen
Normal PowerPlayPenalty Kill
Vladislav Gavrikov, Adam Fox, Mattias SamuelssonMattias Samuelsson, Mattias SamuelssonAdam Fox
Penalty Shots
Aleksander Barkov, Anthony Duclair, Andy Andreoff, Egor Sokolov, Alex Belzile
Goalie
Connor Ingram, Erik Kallgren
Custom OT Lines Forwards
Aleksander Barkov, Evander Kane, Brandon Hagel, Sam Bennett, Tanner Jeannot, Radek Faksa, Anthony Duclair, Luke Glendening, Egor Sokolov, Alex Belzile
Custom OT Lines Defensemen
Jaccob Slavin, Adam Fox, Vladislav Gavrikov, Mattias Samuelsson, Robert Bortuzzo
Scratches
Jake Bean (Healthy), Dakota Mermis (Healthy), Jeremy Swayman (Healthy)

Senateurs

5 vs 5 Forward
Line #Left WingCenterRight WingPHYDFOFWanted %Time %Time Play
1Andre BurakovskySteven StamkosJared McCann1223129%13:19
2Ryan HartmanColton SissonsJakub Voracek1222729%13:24
3Nicholas PaulCasey CizikasAlexander Kerfoot1222321%9:57
4Philipp KurashevLogan ShawEric Robinson1221921%9:43
5 vs 5 Defense
Line #DefenseDefensePHYDFOFWanted %Time %Time Play
1Dougie HamiltonMichael Anderson1223637%17:07
2Nick HoldenEvan Bouchard1223335%16:04
3Artem ZubJake Muzzin1223128%13:04
4Dougie HamiltonJake Muzzin12200%0:08
Power Play Forward
Line #Left WingCenterRight WingPHYDFOFWanted %Time %Time Play
1Andre BurakovskySteven StamkosJared McCann1226058%7:32
2Ryan HartmanNicholas PaulJakub Voracek1224042%5:33
Power Play Defense
Line #DefenseDefensePHYDFOFWanted %Time %Time Play
1Dougie HamiltonEvan Bouchard1226058%7:37
2Artem ZubJake Muzzin1224042%5:28
Penalty Kill 4 Players Forward
Line #CenterWingPHYDFOFWanted %Time %Time Play
1Colton SissonsAlexander Kerfoot12260100%0:32
2Casey CizikasEric Robinson122400%0:00
Penalty Kill 4 Players Defense
Line #DefenseDefensePHYDFOFWanted %Time %Time Play
1Nick HoldenMichael Anderson12260100%0:32
2Artem ZubJake Muzzin122400%0:00
Penalty Kill 3 Players
Line #WingPHYDFOFWanted %Time %Time PlayDefenseDefensePHYDFOFWanted %Time %Time Play
1Colton Sissons122600%0:00 Nick HoldenMichael Anderson122600%0:00
2Casey Cizikas122400%0:00 Artem ZubJake Muzzin122400%0:00
4 vs 4 Forward
Line #CenterWingPHYDFOFWanted %Time %Time Play
1Steven StamkosJared McCann122600%0:00
2Colton SissonsAndre Burakovsky122400%0:00
4 vs 4 Defense
Line #DefensePHYDFOFWanted %Time %Time Play
1Dougie HamiltonMichael Anderson122600%0:00
2Evan BouchardNick Holden122400%0:00
Last Minutes Offensive
Left WingCenterRight WingDefenseDefense
Jared McCannSteven StamkosAndre BurakovskyDougie HamiltonEvan Bouchard
Last Minutes Defensive
Left WingCenterRight WingDefenseDefense
Casey CizikasColton SissonsAlexander KerfootNick HoldenMichael Anderson
Time
Total ForwardTotal DefenseLast Minutes OffensiveLast Minutes Defensive
60:00 60:00 0:000:00
Extra Forwards
Normal PowerPlayPenalty Kill
Colton Sissons, Steven Stamkos, Eric RobinsonSteven Stamkos, Ryan HartmanColton Sissons
Extra Defensemen
Normal PowerPlayPenalty Kill
Artem Zub, Dougie Hamilton, Michael AndersonDougie Hamilton, Dougie HamiltonMichael Anderson
Penalty Shots
Steven Stamkos, Jared McCann, Jakub Voracek, Dougie Hamilton, Alexander Kerfoot
Goalie
Ilya Sorokin, Cam Talbot
Custom OT Lines Forwards
Steven Stamkos, Jared McCann, Andre Burakovsky, Colton Sissons, Ryan Hartman, Jakub Voracek, Casey Cizikas, Nicholas Paul, Alexander Kerfoot, Philipp Kurashev
Custom OT Lines Defensemen
Dougie Hamilton, Michael Anderson, Evan Bouchard, Nick Holden, Artem Zub
Scratches
Vinni Lettieri (Healthy), Devin Shore (Healthy), Mark Friedman (Healthy)


Play-by-Play

1st period


0:01 of 1st period - Steven Stamkos wins face-off versus Aleksander Barkov in neutral zone.
0:16 of 1st period - Snap shot by Jared McCann.
0:16 of 1st period - Shot Misses the Net.
0:28 of 1st period - Colton Sissons is hit by Evander Kane and loses puck.
0:47 of 1st period - Wrist shot by Ryan Hartman.
0:47 of 1st period - Stopped by Connor Ingram without a rebound.
0:48 of 1st period - Casey Cizikas wins face-off versus Radek Faksa in Predators zone.
0:56 of 1st period - Off-side.
0:57 of 1st period - Andy Andreoff wins face-off versus Logan Shaw in neutral zone.
1:02 of 1st period - Snap shot by Max Jones.
1:02 of 1st period - Stopped by Ilya Sorokin without a rebound.
1:03 of 1st period - Andy Andreoff wins face-off versus Logan Shaw in Senateurs zone.
1:38 of 1st period - Alexander Kerfoot is hit by Sam Bennett and loses puck.
1:53 of 1st period - Snap shot by Jared McCann.
1:53 of 1st period - Goal by Jared McCann - Predators : 0 - Senateurs : 1.
1:54 of 1st period - Colton Sissons wins face-off versus Radek Faksa in neutral zone.
1:59 of 1st period - Wrist shot by Jakub Voracek.
1:59 of 1st period - Stopped by Connor Ingram with a rebound.
2:20 of 1st period - Nick Seeler is hit by Jared McCann and loses puck.
2:27 of 1st period - Snap shot by Brandon Hagel.
2:27 of 1st period - Stopped by Ilya Sorokin without a rebound.
2:28 of 1st period - Sam Bennett wins face-off versus Casey Cizikas in Senateurs zone.
2:29 of 1st period - Snap shot by Evander Kane.
2:29 of 1st period - Stopped by Ilya Sorokin without a rebound.
2:30 of 1st period - Sam Bennett wins face-off versus Casey Cizikas in Senateurs zone.
2:31 of 1st period - Slapshot by Adam Fox.
2:31 of 1st period - Deflect By Alexander Kerfoot.
2:31 of 1st period - Stopped by Ilya Sorokin with a rebound.
2:55 of 1st period - Dougie Hamilton is hit by Aleksander Barkov and loses puck.
3:04 of 1st period - Adam Fox is hit by Nick Holden and loses puck.
4:05 of 1st period - Wrist shot by Andy Andreoff.
4:05 of 1st period - Shot Misses the Net.
4:41 of 1st period - Slapshot by Jared McCann.
4:41 of 1st period - Stopped by Connor Ingram with a rebound.
4:45 of 1st period - Backhand shot by Steven Stamkos.
4:45 of 1st period - Deflect By Jared McCann.
4:45 of 1st period - Shot Blocked by Vladislav Gavrikov.
4:45 of 1st period - Puck is out of play.
4:46 of 1st period - Aleksander Barkov wins face-off versus Logan Shaw in Predators zone.
4:53 of 1st period - Snap shot by Aleksander Barkov.
4:53 of 1st period - Stopped by Ilya Sorokin with a rebound.
4:57 of 1st period - Slapshot by Aleksander Barkov.
4:57 of 1st period - Stopped by Ilya Sorokin with a rebound.
4:59 of 1st period - Snap shot by Brandon Hagel.
4:59 of 1st period - Shot Misses the Net.
5:01 of 1st period - Slapshot by Brandon Hagel.
5:01 of 1st period - Deflect By Aleksander Barkov.
5:01 of 1st period - Goal by Aleksander Barkov - Predators : 1 - Senateurs : 1.
5:02 of 1st period - Sam Bennett wins face-off versus Steven Stamkos in neutral zone.
5:05 of 1st period - Wrist shot by Evander Kane.
5:05 of 1st period - Stopped by Ilya Sorokin with a rebound.
5:07 of 1st period - Slapshot by Adam Fox.
5:07 of 1st period - Stopped by Ilya Sorokin with a rebound.
5:09 of 1st period - Slapshot by Tanner Jeannot.
5:09 of 1st period - Stopped by Ilya Sorokin without a rebound.
5:10 of 1st period - Sam Bennett wins face-off versus Steven Stamkos in Senateurs zone.
5:11 of 1st period - Slapshot by Evander Kane.
5:11 of 1st period - Stopped by Ilya Sorokin without a rebound.
5:12 of 1st period - Steven Stamkos wins face-off versus Evander Kane in Senateurs zone.
5:39 of 1st period - Snap shot by Evander Kane.
5:39 of 1st period - Shot Misses the Net.
5:41 of 1st period - Slapshot by Jaccob Slavin.
5:41 of 1st period - Stopped by Ilya Sorokin without a rebound.
5:42 of 1st period - Colton Sissons wins face-off versus Radek Faksa in Senateurs zone.
5:47 of 1st period - Snap shot by Ryan Hartman.
5:47 of 1st period - Shot Blocked by Robert Bortuzzo.
5:49 of 1st period - Snap shot by Jakub Voracek.
5:49 of 1st period - Stopped by Connor Ingram without a rebound.
5:50 of 1st period - Colton Sissons wins face-off versus Radek Faksa in Predators zone.
5:59 of 1st period - Slapshot by Jakub Voracek.
5:59 of 1st period - Shot Hit the Post.
6:01 of 1st period - Wrist shot by Jakub Voracek.
6:01 of 1st period - Stopped by Connor Ingram without a rebound.
6:02 of 1st period - Aleksander Barkov wins face-off versus Casey Cizikas in Predators zone.
6:07 of 1st period - Wrist shot by Alexander Kerfoot.
6:07 of 1st period - Shot Blocked by Robert Bortuzzo.
6:09 of 1st period - Slapshot by Jake Muzzin.
6:09 of 1st period - Shot Blocked by Robert Bortuzzo.
6:11 of 1st period - Slapshot by Artem Zub.
6:11 of 1st period - Shot Blocked by Brandon Hagel.
6:13 of 1st period - Slapshot by Jake Muzzin.
6:13 of 1st period - Shot Blocked by Brandon Hagel.
6:15 of 1st period - Snap shot by Jake Muzzin.
6:15 of 1st period - Shot Misses the Net.
6:17 of 1st period - Slapshot by Alexander Kerfoot.
6:17 of 1st period - Shot Misses the Net.
6:57 of 1st period - Wrist shot by Philipp Kurashev.
6:57 of 1st period - Deflect By Eric Robinson.
6:57 of 1st period - Stopped by Connor Ingram without a rebound.
6:58 of 1st period - Sam Bennett wins face-off versus Casey Cizikas in Predators zone.
7:03 of 1st period - Snap shot by Sam Bennett.
7:03 of 1st period - Stopped by Ilya Sorokin with a rebound.
7:12 of 1st period - Tanner Jeannot beats up Jake Muzzin.
7:12 of 1st period - Penalty to Jake Muzzin for Fighting.
7:12 of 1st period - Penalty to Tanner Jeannot for Fighting.
7:12 of 1st period - Penalty to Tanner Jeannot for instigated a fight.
7:12 of 1st period - Penalty to Tanner Jeannot for instigated and being the aggresor in a fight.
7:12 of 1st period - Tanner Jeannot is ejected from game.
7:13 of 1st period - Luke Glendening wins face-off versus Steven Stamkos in Senateurs zone.
7:24 of 1st period - Snap shot by Jared McCann.
7:24 of 1st period - Stopped by Connor Ingram with a rebound.
7:26 of 1st period - Slapshot by Steven Stamkos.
7:26 of 1st period - Stopped by Connor Ingram with a rebound.
7:28 of 1st period - Slapshot by Dougie Hamilton.
7:28 of 1st period - Shot Hit the Post.
7:38 of 1st period - Nicholas Paul is hit by Mattias Samuelsson and loses puck.
9:02 of 1st period - Slapshot by Anthony Duclair.
9:02 of 1st period - Stopped by Ilya Sorokin without a rebound.
9:03 of 1st period - Anthony Duclair wins face-off versus Steven Stamkos in Senateurs zone.
9:04 of 1st period - Snap shot by Evander Kane.
9:04 of 1st period - Shot Misses the Net.
9:12 of 1st period - Penalty to Tanner Jeannot is over, Evander Kane is send on ice.
9:26 of 1st period - Vladislav Gavrikov is hit by Eric Robinson and loses puck.
9:43 of 1st period - Wrist shot by Alexander Kerfoot.
9:43 of 1st period - Shot Misses the Net.
9:45 of 1st period - Wrist shot by Casey Cizikas.
9:45 of 1st period - Shot Misses the Net.
9:47 of 1st period - Snap shot by Casey Cizikas.
9:47 of 1st period - Shot Misses the Net.
10:09 of 1st period - Alex Belzile is hit by Artem Zub and loses puck.
10:38 of 1st period - Minor Penalty to Nick Seeler for Hooking.
10:39 of 1st period - Steven Stamkos wins face-off versus Luke Glendening in Predators zone.
10:40 of 1st period - Snap shot by Jared McCann.
10:40 of 1st period - Goal by Jared McCann - Predators : 1 - Senateurs : 2.
10:41 of 1st period - Radek Faksa wins face-off versus Steven Stamkos in neutral zone.
10:54 of 1st period - Snap shot by Radek Faksa.
10:54 of 1st period - Shot Misses the Net.
11:08 of 1st period - Brandon Hagel is hit by Ryan Hartman and loses puck.
11:15 of 1st period - Slapshot by Ryan Hartman.
11:15 of 1st period - Deflect By Jakub Voracek.
11:15 of 1st period - Stopped by Connor Ingram without a rebound.
11:16 of 1st period - Colton Sissons wins face-off versus Sam Bennett in Predators zone.
11:26 of 1st period - Off-side.
11:27 of 1st period - Steven Stamkos wins face-off versus Anthony Duclair in neutral zone.
11:40 of 1st period - Adam Fox is hit by Dougie Hamilton and loses puck.
11:53 of 1st period - Nicholas Paul is hit by Radek Faksa and loses puck.
12:08 of 1st period - Minor Penalty to Adam Fox for Hooking.
12:09 of 1st period - Andre Burakovsky wins face-off versus Radek Faksa in Predators zone.
12:12 of 1st period - Penalty to Tanner Jeannot is over, Evander Kane is send on ice.
14:08 of 1st period - Penalty to Adam Fox is over, Adam Fox is back on ice.
14:35 of 1st period - Logan Shaw is hit by Robert Bortuzzo.
14:39 of 1st period - Eric Robinson is hit by Evander Kane.
14:43 of 1st period - Evander Kane is hit by Philipp Kurashev and loses puck.
15:14 of 1st period - Dougie Hamilton is hit by Egor Sokolov and loses puck.
16:37 of 1st period - Off-side.
16:38 of 1st period - Radek Faksa wins face-off versus Logan Shaw in neutral zone.
16:46 of 1st period - Off-side.
16:47 of 1st period - Steven Stamkos wins face-off versus Sam Bennett in neutral zone.
17:08 of 1st period - Minor Penalty to Evander Kane for Roughing.
17:09 of 1st period - Steven Stamkos wins face-off versus Radek Faksa in Predators zone.
18:04 of 1st period - Adam Fox is hit by Jake Muzzin and loses puck.
19:08 of 1st period - Penalty to Evander Kane is over, Evander Kane is back on ice.
19:25 of 1st period - Wrist shot by Sam Bennett.
19:25 of 1st period - Goal by Sam Bennett - Predators : 2 - Senateurs : 2.
19:26 of 1st period - Aleksander Barkov wins face-off versus Colton Sissons in neutral zone.
19:29 of 1st period - Slapshot by Jaccob Slavin.
19:29 of 1st period - Stopped by Ilya Sorokin without a rebound.
19:30 of 1st period - Aleksander Barkov wins face-off versus Colton Sissons in Senateurs zone.
19:31 of 1st period - Snap shot by Brandon Hagel.
19:31 of 1st period - Stopped by Ilya Sorokin with a rebound.
19:33 of 1st period - Wrist shot by Anthony Duclair.
19:33 of 1st period - Goal by Anthony Duclair - Predators : 3 - Senateurs : 2.
19:34 of 1st period - Steven Stamkos wins face-off versus Sam Bennett in neutral zone.
19:36 of 1st period - Minor Penalty to Artem Zub for Tripping.
19:37 of 1st period - Aleksander Barkov wins face-off versus Colton Sissons in Senateurs zone.
19:45 of 1st period - Wrist shot by Aleksander Barkov.
19:45 of 1st period - Stopped by Ilya Sorokin with a rebound.
19:47 of 1st period - Slapshot by Adam Fox.
19:47 of 1st period - Deflect By Brandon Hagel.
19:47 of 1st period - Shot Misses the Net.
19:47 of 1st period - Puck is out of play.
19:48 of 1st period - Sam Bennett wins face-off versus Alexander Kerfoot in Senateurs zone.
Goals for this period are 3 for Predators vs 2 for Senateurs.
Shots for this period are 19 for Predators vs 11 for Senateurs.

2nd period


0:01 of 2nd period - Colton Sissons wins face-off versus Brandon Hagel in neutral zone.
0:08 of 2nd period - Snap shot by Anthony Duclair.
0:08 of 2nd period - Goal by Anthony Duclair - Predators : 4 - Senateurs : 2.
0:09 of 2nd period - Steven Stamkos wins face-off versus Aleksander Barkov in neutral zone.
0:12 of 2nd period - Wrist shot by Steven Stamkos.
0:12 of 2nd period - Shot Misses the Net.
2:12 of 2nd period - 10 Minutes Misconduct Penalty to Tanner Jeannot is over.
2:32 of 2nd period - Snap shot by Steven Stamkos.
2:32 of 2nd period - Stopped by Connor Ingram without a rebound.
2:33 of 2nd period - Aleksander Barkov wins face-off versus Colton Sissons in Predators zone.
2:45 of 2nd period - Wrist shot by Jakub Voracek.
2:45 of 2nd period - Deflect By Colton Sissons.
2:45 of 2nd period - Stopped by Connor Ingram with a rebound.
4:39 of 2nd period - Robert Bortuzzo is hit by Artem Zub and loses puck.
4:48 of 2nd period - Snap shot by Nicholas Paul.
4:48 of 2nd period - Shot Misses the Net.
5:12 of 2nd period - Snap shot by Sam Bennett.
5:12 of 2nd period - Shot Blocked by Alexander Kerfoot.
5:14 of 2nd period - Wrist shot by Vladislav Gavrikov.
5:14 of 2nd period - Shot Misses the Net.
5:16 of 2nd period - Snap shot by Evander Kane.
5:16 of 2nd period - Stopped by Ilya Sorokin without a rebound.
5:17 of 2nd period - Radek Faksa wins face-off versus Andre Burakovsky in Senateurs zone.
5:43 of 2nd period - Snap shot by Max Jones.
5:43 of 2nd period - Stopped by Ilya Sorokin with a rebound.
5:45 of 2nd period - Snap shot by Alex Belzile.
5:45 of 2nd period - Stopped by Ilya Sorokin with a rebound.
5:47 of 2nd period - Slapshot by Andy Andreoff.
5:47 of 2nd period - Shot Misses the Net.
5:49 of 2nd period - Slapshot by Robert Bortuzzo.
5:49 of 2nd period - Deflect By Max Jones.
5:49 of 2nd period - Shot Misses the Net.
5:49 of 2nd period - Puck is out of play.
5:50 of 2nd period - Colton Sissons wins face-off versus Andy Andreoff in Senateurs zone.
6:03 of 2nd period - Snap shot by Ryan Hartman.
6:03 of 2nd period - Shot Blocked by Robert Bortuzzo.
6:05 of 2nd period - Wrist shot by Colton Sissons.
6:05 of 2nd period - Stopped by Connor Ingram with a rebound.
6:15 of 2nd period - Radek Faksa is hit by Steven Stamkos and loses puck.
6:24 of 2nd period - Wrist shot by Jared McCann.
6:24 of 2nd period - Shot Blocked by Robert Bortuzzo.
6:40 of 2nd period - Wrist shot by Alexander Kerfoot.
6:40 of 2nd period - Shot Blocked by Jaccob Slavin.
6:42 of 2nd period - Wrist shot by Alexander Kerfoot.
6:42 of 2nd period - Shot Misses the Net.
6:44 of 2nd period - Slapshot by Dougie Hamilton.
6:44 of 2nd period - Stopped by Connor Ingram without a rebound.
6:45 of 2nd period - Colton Sissons wins face-off versus Radek Faksa in Predators zone.
6:48 of 2nd period - Wrist shot by Jakub Voracek.
6:48 of 2nd period - Stopped by Connor Ingram with a rebound.
7:16 of 2nd period - Dougie Hamilton is hit by Alex Belzile and loses puck.
10:11 of 2nd period - Ryan Hartman is hit by Sam Bennett and loses puck.
10:38 of 2nd period - Casey Cizikas is hit by Evander Kane and loses puck.
10:57 of 2nd period - Evan Bouchard is hit by Jaccob Slavin.
11:09 of 2nd period - Jaccob Slavin is hit by Ryan Hartman and loses puck.
11:50 of 2nd period - Wrist shot by Logan Shaw.
11:50 of 2nd period - Stopped by Connor Ingram without a rebound.
11:51 of 2nd period - Logan Shaw wins face-off versus Radek Faksa in Predators zone.
12:22 of 2nd period - Snap shot by Philipp Kurashev.
12:22 of 2nd period - Deflect By Logan Shaw.
12:22 of 2nd period - Shot Blocked by Egor Sokolov.
12:22 of 2nd period - Puck is out of play.
12:23 of 2nd period - Steven Stamkos wins face-off versus Aleksander Barkov in Predators zone.
12:27 of 2nd period - Minor Penalty to Nick Seeler for Holding.
12:28 of 2nd period - Steven Stamkos wins face-off versus Radek Faksa in Predators zone.
14:27 of 2nd period - Penalty to Nick Seeler is over, Nick Seeler is back on ice.
14:38 of 2nd period - Nick Seeler is hit by Evan Bouchard and loses puck.
15:05 of 2nd period - Artem Zub is hit by Robert Bortuzzo and loses puck.
15:44 of 2nd period - Vladislav Gavrikov is hit by Steven Stamkos and loses puck.
16:16 of 2nd period - Alexander Kerfoot is hit by Evander Kane and loses puck.
17:22 of 2nd period - Robert Bortuzzo is hit by Steven Stamkos and loses puck.
17:37 of 2nd period - Snap shot by Sam Bennett.
17:37 of 2nd period - Deflect By Luke Glendening.
17:37 of 2nd period - Goal by Luke Glendening - Predators : 5 - Senateurs : 2.
17:37 of 2nd period - Cam Talbot enters game.
17:38 of 2nd period - Steven Stamkos wins face-off versus Aleksander Barkov in neutral zone.
18:29 of 2nd period - Slapshot by Evan Bouchard.
18:29 of 2nd period - Deflect By Radek Faksa.
18:29 of 2nd period - Stopped by Connor Ingram with a rebound.
18:31 of 2nd period - Snap shot by Philipp Kurashev.
18:31 of 2nd period - Shot Hit the Post.
18:33 of 2nd period - Wrist shot by Eric Robinson.
18:33 of 2nd period - Shot Misses the Net.
18:35 of 2nd period - Slapshot by Nick Holden.
18:35 of 2nd period - Stopped by Connor Ingram with a rebound.
18:37 of 2nd period - Slapshot by Evan Bouchard.
18:37 of 2nd period - Shot Blocked by Mattias Samuelsson.
18:39 of 2nd period - Snap shot by Evan Bouchard.
18:39 of 2nd period - Shot Misses the Net.
19:11 of 2nd period - Snap shot by Steven Stamkos.
19:11 of 2nd period - Stopped by Connor Ingram with a rebound.
19:13 of 2nd period - Slapshot by Steven Stamkos.
19:13 of 2nd period - Shot Misses the Net.
19:15 of 2nd period - Snap shot by Steven Stamkos.
19:15 of 2nd period - Stopped by Connor Ingram without a rebound.
19:16 of 2nd period - Steven Stamkos wins face-off versus Aleksander Barkov in Predators zone.
Goals for this period are 2 for Predators vs 0 for Senateurs.
Shots for this period are 5 for Predators vs 10 for Senateurs.

3rd period


0:01 of 3rd period - Aleksander Barkov wins face-off versus Steven Stamkos in neutral zone.
1:00 of 3rd period - Robert Bortuzzo is hit by Nicholas Paul and loses puck.
1:22 of 3rd period - Slapshot by Sam Bennett.
1:22 of 3rd period - Shot Misses the Net.
1:42 of 3rd period - Snap shot by Steven Stamkos.
1:42 of 3rd period - Shot Blocked by Andy Andreoff.
1:44 of 3rd period - Slapshot by Jared McCann.
1:44 of 3rd period - Shot Misses the Net.
2:26 of 3rd period - Slapshot by Dougie Hamilton.
2:26 of 3rd period - Shot Blocked by Egor Sokolov.
2:30 of 3rd period - Wrist shot by Logan Shaw.
2:30 of 3rd period - Deflect By Philipp Kurashev.
2:30 of 3rd period - Shot Blocked by Egor Sokolov.
2:30 of 3rd period - Puck is out of play.
2:31 of 3rd period - Logan Shaw wins face-off versus Sam Bennett in Predators zone.
2:39 of 3rd period - Off-side.
2:40 of 3rd period - Steven Stamkos wins face-off versus Sam Bennett in neutral zone.
5:10 of 3rd period - Off-side.
5:11 of 3rd period - Logan Shaw wins face-off versus Sam Bennett in neutral zone.
5:26 of 3rd period - Slapshot by Artem Zub.
5:26 of 3rd period - Stopped by Connor Ingram with a rebound.
5:33 of 3rd period - Off-side.
5:34 of 3rd period - Steven Stamkos wins face-off versus Radek Faksa in neutral zone.
6:06 of 3rd period - Wrist shot by Sam Bennett.
6:06 of 3rd period - Shot Misses the Net.
6:08 of 3rd period - Snap shot by Evander Kane.
6:08 of 3rd period - Shot Blocked by Dougie Hamilton.
6:10 of 3rd period - Slapshot by Robert Bortuzzo.
6:10 of 3rd period - Shot Blocked by Michael Anderson.
6:30 of 3rd period - Snap shot by Ryan Hartman.
6:30 of 3rd period - Stopped by Connor Ingram with a rebound.
6:49 of 3rd period - Snap shot by Alexander Kerfoot.
6:49 of 3rd period - Stopped by Connor Ingram with a rebound.
7:11 of 3rd period - Snap shot by Eric Robinson.
7:11 of 3rd period - Shot Misses the Net.
7:13 of 3rd period - Slapshot by Artem Zub.
7:13 of 3rd period - Shot Misses the Net.
7:19 of 3rd period - Minor Penalty to Vladislav Gavrikov for Roughing.
7:20 of 3rd period - Luke Glendening wins face-off versus Steven Stamkos in Predators zone.
7:20 of 3rd period - Luke Glendening is hit by Dougie Hamilton.
7:58 of 3rd period - Snap shot by Adam Fox.
7:58 of 3rd period - Stopped by Cam Talbot with a rebound.
8:24 of 3rd period - Slapshot by Evan Bouchard.
8:24 of 3rd period - Shot Misses the Net.
8:26 of 3rd period - Slapshot by Evan Bouchard.
8:26 of 3rd period - Shot Blocked by Radek Faksa.
8:28 of 3rd period - Slapshot by Dougie Hamilton.
8:28 of 3rd period - Goal by Dougie Hamilton - Predators : 5 - Senateurs : 3.
8:29 of 3rd period - Colton Sissons wins face-off versus Aleksander Barkov in neutral zone.
8:32 of 3rd period - Wrist shot by Ryan Hartman.
8:32 of 3rd period - Deflect By Jakub Voracek.
8:32 of 3rd period - Stopped by Connor Ingram with a rebound.
8:46 of 3rd period - Wrist shot by Adam Fox.
8:46 of 3rd period - Stopped by Cam Talbot with a rebound.
9:09 of 3rd period - Snap shot by Jakub Voracek.
9:09 of 3rd period - Stopped by Connor Ingram with a rebound.
9:37 of 3rd period - Michael Anderson is hit by Luke Glendening and loses puck.
9:48 of 3rd period - Snap shot by Dougie Hamilton.
9:48 of 3rd period - Shot Misses the Net.
9:50 of 3rd period - Slapshot by Michael Anderson.
9:50 of 3rd period - Shot Misses the Net.
10:02 of 3rd period - Wrist shot by Ryan Hartman.
10:02 of 3rd period - Shot Blocked by Adam Fox.
10:50 of 3rd period - Snap shot by Jakub Voracek.
10:50 of 3rd period - Shot Blocked by Luke Glendening.
10:52 of 3rd period - Wrist shot by Colton Sissons.
10:52 of 3rd period - Stopped by Connor Ingram with a rebound.
10:54 of 3rd period - Slapshot by Michael Anderson.
10:54 of 3rd period - Stopped by Connor Ingram with a rebound.
10:56 of 3rd period - Snap shot by Dougie Hamilton.
10:56 of 3rd period - Stopped by Connor Ingram without a rebound.
10:57 of 3rd period - Andre Burakovsky wins face-off versus Aleksander Barkov in Predators zone.
10:58 of 3rd period - Slapshot by Jared McCann.
10:58 of 3rd period - Shot Misses the Net.
11:00 of 3rd period - Slapshot by Steven Stamkos.
11:00 of 3rd period - Shot Misses the Net.
11:02 of 3rd period - Slapshot by Jake Muzzin.
11:02 of 3rd period - Stopped by Connor Ingram with a rebound.
11:04 of 3rd period - Wrist shot by Jared McCann.
11:04 of 3rd period - Stopped by Connor Ingram with a rebound.
11:06 of 3rd period - Slapshot by Steven Stamkos.
11:06 of 3rd period - Stopped by Connor Ingram without a rebound.
11:07 of 3rd period - Steven Stamkos wins face-off versus Aleksander Barkov in Predators zone.
11:21 of 3rd period - Minor Penalty to Aleksander Barkov for Hooking.
11:22 of 3rd period - Evander Kane wins face-off versus Steven Stamkos in Predators zone.
11:22 of 3rd period - Evander Kane is hit by Andre Burakovsky.
11:23 of 3rd period - Evander Kane from Predators is injured at 11:23 of 3rd period (Sprained Left Ankle).
11:24 of 3rd period - Luke Glendening wins face-off versus Steven Stamkos in Predators zone.
13:21 of 3rd period - Penalty to Aleksander Barkov is over, Aleksander Barkov is back on ice.
13:35 of 3rd period - Wrist shot by Anthony Duclair.
13:35 of 3rd period - Stopped by Cam Talbot without a rebound.
13:36 of 3rd period - Logan Shaw wins face-off versus Anthony Duclair in Senateurs zone.
14:16 of 3rd period - Slapshot by Aleksander Barkov.
14:16 of 3rd period - Stopped by Cam Talbot without a rebound.
14:17 of 3rd period - Casey Cizikas wins face-off versus Sam Bennett in Senateurs zone.
14:42 of 3rd period - Jakub Voracek is hit by Nick Seeler.
15:11 of 3rd period - Slapshot by Jaccob Slavin.
15:11 of 3rd period - Stopped by Cam Talbot with a rebound.
17:35 of 3rd period - Minor Penalty to Egor Sokolov for Holding.
17:36 of 3rd period - Luke Glendening wins face-off versus Steven Stamkos in Predators zone.
18:22 of 3rd period - Dougie Hamilton is hit by Alex Belzile and loses puck.
18:29 of 3rd period - Andre Burakovsky is hit by Alex Belzile and loses puck.
19:35 of 3rd period - Penalty to Egor Sokolov is over, Egor Sokolov is back on ice.
19:47 of 3rd period - Colton Sissons is hit by Robert Bortuzzo and loses puck.
Goals for this period are 0 for Predators vs 1 for Senateurs.
Shots for this period are 5 for Predators vs 12 for Senateurs.